[Event "Romanian Rapid Open 2022"]
[Site "Sebes"]
[Date "2022.12.02"]
[Round "3.14"]
[White "Filip, Lucian-Ioan"]
[Black "Ciolacu, Alessia-Mihaela"]
[Result "1-0"]
[ECO "E01"]
[WhiteElo "2370"]
[BlackElo "2097"]
[Annotator "TA"]
[PlyCount "51"]
[EventDate "2022.12.02"]
[EventType "rapid"]
[EventCountry "ROU"]
[SourceTitle "playchess.com"]
[Source "ChessBase"]
[SourceQuality "1"]
[TimeControl "600+5"]

1. Nf3 Nf6 2. c4 e6 3. g3 d5 4. d4 Bb4+ 5. Bd2 Bd6 6. Nc3 {[%emt 0:00:20] E01: Catalan: Early deviations.} c6 7. Qc2 O-O 8. e4 {[%emt 0:00:05] aiming for e5. White is slightly better.} dxe4 9. Nxe4 Nxe4 10. Qxe4 c5 {[%emt 0:00:06] [#]} 11. O-O-O $146 ({Predecessor:} 11. Bc3 Nc6 12. O-O-O Qe7 13. Bg2 Bd7 14. dxc5 Bxc5 15. Rxd7 Qxd7 16. Ng5 g6 17. Nxh7 {1-0 (30) Erigaisi,A (2616)-Caruana,F (2765) Riga 2021}) 11... Nd7 (11... Nc6 $14) 12. Bd3 $16 {[%emt 0:00:40][%csl Gd3][%cal Re4h7] White is much more active. The black rooks are badly placed.} Nf6 (12... g6 $16) 13. Qh4 $1 $18 cxd4 14. Bg5 $1 {[%emt 0:02:36] And now Bxf6 would win.} (14. Nxd4 Bd7 $14) (14. Qxd4 e5 15. Qh4 h6 $11) 14... h6 (14... h5 $142) 15. Bxh6 $1 (15. Bxf6 Qxf6 16. Qxf6 (16. Nxd4 Qxh4 17. gxh4 Bc5 $17) 16... gxf6 $11) 15... gxh6 (15... Re8) 16. Qxh6 {[%emt 0:00:01] Rhe1 is the strong threat.} Re8 (16... b5 $142 17. Ng5 Be7 18. Bh7+ (18. cxb5 Rb8 $18) 18... Kh8) 17. Ng5 $1 {[%emt 0:00:02] Threatening mate with Bh7+.} (17. Nxd4 $2 Bf8 18. Qg5+ Bg7 $17) 17... Qc7 18. Bh7+ $2 ({Less strong is} 18. Qxf6 Be5 19. Qh6 Bg7 20. Qh7+ Kf8 $18) (18. Rhe1 $18 Bf8 19. Bh7+ (19. Qxf6 Bg7 $16) 19... Kh8 20. Qxf6+ Bg7 21. Qf3) 18... Nxh7 $11 19. Qxh7+ Kf8 {[%emt 0:00:00] White must now prevent ...Be5.} 20. Rxd4 $40 {[%emt 0:02:06][%mdl 128] White has some attack.} Be5 21. Rh4 {[%emt 0:00:18][%mdl 8192] [#]} (21. Re4 $11 Bg7 22. Qh4) 21... Bg7 $2 ({Black should try} 21... Bxb2+ $1 $19 22. Kxb2 Qe5+ 23. Kb3 Qxg5) 22. Rf4 f5 23. Qg6 e5 $2 (23... Be5 $11 24. Rh4 Re7) 24. Nh7+ $18 Kg8 25. Nf6+ Kf8 26. Qxe8# {[%emt 0:00:02] Weighted Error Value: White=0.49/Black=0.86} 1-0

[Event "Romanian Rapid Open 2022"]
[Site "Sebes"]
[Date "2022.12.02"]
[Round "3.15"]
[White "Zubcu, Vlad-George"]
[Black "Secheres, Adrian-Simion"]
[Result "0-1"]
[ECO "D00"]
[WhiteElo "2135"]
[BlackElo "2365"]
[Annotator "TA"]
[PlyCount "70"]
[EventDate "2022.12.02"]
[EventType "rapid"]
[EventCountry "ROU"]
[SourceTitle "playchess.com"]
[Source "ChessBase"]
[SourceQuality "1"]
[TimeControl "600+5"]

1. d4 Nf6 2. Bg5 d5 3. Bxf6 gxf6 4. c4 dxc4 5. e3 e6 6. Bxc4 {[%emt 0:00:35] D00: 1 d4 d5: Unusual lines.} c5 ({Better is} 6... f5 $14) 7. Nf3 ({White should play} 7. d5 $1 $16) 7... cxd4 8. exd4 {[%emt 0:00:41] White has an edge.} Bd6 {[%emt 0:00:43] [#]} 9. O-O $146 ({Predecessor:} 9. Nc3 f5 10. Ne5 O-O 11. Qe2 Qf6 12. g4 Nc6 13. Nxc6 bxc6 14. O-O-O Rb8 15. Kb1 {0-1 (48) Schenk,S (1795)-Drygalov,A (2495) Chess.com INT 2020}) 9... O-O 10. Nc3 f5 11. Qe2 (11. d5 $16) 11... Nd7 $1 $14 12. Rfe1 (12. Bxe6 Re8 13. Bxf7+ Kxf7 $17) 12... Qf6 13. Rad1 a6 14. Ne5 Qh6 15. Qf3 {[%emt 0:00:15] Inhibits b5.} Rb8 16. h3 (16. Qg3+ $14 Qg7 17. a4) 16... b5 {[%emt 0:00:42] [#]} (16... Nxe5 $15 17. dxe5 Bc5) 17. Bd3 (17. Nxf7 $1 $11 {keeps the balance.} Rxf7 18. Rxe6 (18. Bxe6 Nf6 $11)) 17... Nxe5 $17 18. dxe5 Bc5 {[%emt 0:00:02][%cal Bd6c5,Bc5d4,Bd4e5][%mdl 32] And now ...Bb7 would win.} 19. Ne2 Bb7 20. Qf4 ({But not} 20. Qg3+ $2 Kh8 21. b4 Bxb4 $19) 20... Qxf4 (20... Kg7 {looks sharper.} 21. Bc2 Qxf4 22. Nxf4 Rbd8) 21. Nxf4 Rfd8 22. Bc2 {[%emt 0:00:06] [#]} Bd4 $1 23. Rb1 Kf8 24. Bb3 (24. Nd3 $142) 24... Be4 $19 {[%emt 0:00:11] A strong pair of Bishops.} 25. Rbc1 Bxe5 (25... Bxb2 $2 {loses.} 26. Rcd1 $19) 26. Nh5 Bxb2 27. Rc7 Rb7 {[%emt 0:00:03] Against f3} 28. Rxb7 Bxb7 29. Nf4 Rd2 30. h4 Bd4 {[%emt 0:00:08] Black is clearly winning.} 31. Rf1 (31. Re2 $142 Rxe2 32. Nxe2) 31... a5 32. a4 Bc6 33. axb5 Bxb5 34. Rc1 Rxf2 35. Rc8+ Ke7 {[%emt 0:01:41] Weighted Error Value: White=0.65/Black=0.12 (very precise)} 0-1

[Event "Romanian Rapid Open 2022"]
[Site "Sebes"]
[Date "2022.12.02"]
[Round "3.16"]
[White "Dobre, Ana-Margareta-Alexan"]
[Black "Talu, Mircea"]
[Result "0-1"]
[ECO "B23"]
[WhiteElo "1857"]
[BlackElo "2327"]
[Annotator "TA"]
[PlyCount "58"]
[EventDate "2022.12.02"]
[EventType "rapid"]
[EventCountry "ROU"]
[SourceTitle "playchess.com"]
[Source "ChessBase"]
[SourceQuality "1"]
[TimeControl "600+5"]

1. e4 c5 2. Nc3 Nc6 3. Bb5 d6 4. f4 Bd7 5. Nf3 g6 6. O-O Bg7 7. d3 a6 {[%emt 0:00:11] B23: Closed Sicilian: Lines without g3.} 8. Bc4 b5 {[%emt 0:09:06] Inhibits e5.} 9. Bb3 Na5 {[%emt 0:00:00] The position is equal.} 10. Bd5 {[%emt 0:00:34] [#] Ng5 is the strong threat.} Rb8 {[%emt 0:00:00] [#]} 11. f5 $146 ({Predecessor:} 11. a3 c4 12. f5 Nf6 13. fxg6 hxg6 14. d4 e6 15. b4 exd5 16. bxa5 dxe4 17. Bg5 {1-0 (26) Heckert,K (2047)-Sulayev,D (1924) Germany 2016}) 11... Nf6 12. fxg6 ({White should play} 12. Ng5 $14 Rf8 13. fxg6 hxg6 14. Kh1) 12... hxg6 $11 13. Ng5 e6 $1 {[%emt 0:00:00] aiming for ...b4.} 14. Bb3 c4 {[%emt 0:00:00] Inhibits e5.} 15. dxc4 Qb6+ (15... bxc4 $5 16. Ba4 Bxa4 17. Nxa4 Nc6 $15) 16. Kh1 {[%emt 0:00:24][%cal Oe4e5] Strongly threatening e5!} bxc4 17. Ba4 Bxa4 $40 {[%emt 0:00:00][%mdl 128] Black has some attack. The board is on fire.} 18. Nxa4 Qc6 19. Nc3 Rh5 {[%emt 0:00:07] [#]} (19... Qc7 $11 {keeps the balance.}) 20. Qf3 $1 $16 Nb7 (20... Rb7 $14) 21. Ne2 (21. Bf4 $16) 21... Nc5 22. Nd4 $2 {[%emt 0:00:14] This costs White the game.} (22. Ng3 $1 $14 {stays ahead.} Rh8 23. h3) 22... Qb7 $19 {[%emt 0:00:11][%cal Rf6e4] Active counter play!} 23. c3 (23. e5 {was called for.} Qxf3 24. Ndxf3 dxe5 25. Re1 (25. Nxe5 $2 {loses.} Nfe4 $19)) 23... Ncxe4 24. Ngxe6 (24. Nxe4 Nxe4 25. Kg1) 24... fxe6 {[%emt 0:00:03] Black is clearly winning.} 25. Nxe6 Kf7 26. Nd4 Rbh8 27. Bf4 Qd7 28. Rae1 d5 {[%emt 0:00:03] And now ...g5 would win.} 29. Be5 (29. Kg1 $142) 29... Rxe5 {[%emt 0:00:03] Weighted Error Value: White=0.70/Black=0.25 (precise)} 0-1

[Event "Romanian Rapid Open 2022"]
[Site "Sebes"]
[Date "2022.12.02"]
[Round "3.17"]
[White "Cosma, Ioan"]
[Black "Berescu, Alin-Mile"]
[Result "1-0"]
[ECO "A13"]
[WhiteElo "2368"]
[BlackElo "2429"]
[Annotator "TA"]
[PlyCount "59"]
[EventDate "2022.12.02"]
[EventType "rapid"]
[EventCountry "ROU"]
[SourceTitle "playchess.com"]
[Source "ChessBase"]
[SourceQuality "1"]
[TimeControl "600+5"]

1. Nf3 Nf6 2. c4 e6 3. g3 a6 4. Bg2 b5 5. b3 Bb7 6. O-O c5 7. Bb2 {[%emt 0:00:28] A13: English Opening: 1...e6.} d6 8. e3 Be7 9. Qe2 {[%emt 0:00:05] The position is equal.} Qb6 10. Nc3 b4 (10... bxc4 $5 11. Qxc4 O-O $11) 11. Na4 Qc7 12. d3 {[%emt 0:00:17] [#]} Nbd7 $146 ({Predecessor:} 12... O-O 13. Nd2 Bxg2 14. Kxg2 Nfd7 15. Rad1 {½-½ (15) Buhmann,R (2583)-Socko,B (2660) Polanica Zdroj 2007}) 13. e4 (13. Nh4 $14) 13... e5 (13... O-O $11) 14. Nh4 $14 g6 15. Bc1 Nf8 16. f4 Ne6 17. Bb2 Nd4 18. Bxd4 cxd4 19. fxe5 (19. Nf3 $11) 19... dxe5 $15 20. Rf2 O-O 21. Raf1 Kg7 22. Bh3 Bc6 23. Nb2 Ng8 (23... a5 $17) 24. Qg4 Bxh4 (24... Bf6 {with more complications.} 25. c5 Bxh4 26. Qxh4 Bb5) 25. gxh4 h5 ({Much less strong is} 25... Kh8 26. Qg3 $14) 26. Qg3 Kh7 $2 {[%emt 0:00:20] [#]} (26... f6 $11) 27. Be6 $1 $16 Nh6 28. h3 (28. Rf6 $18 {[%cal Oe6f7] aiming for Bxf7!} Be8 29. Bd5) 28... Rae8 {[%emt 0:00:23] [#]} (28... Ra7 $16) 29. Bd5 $2 (29. Rf6 $1 $18) 29... Bd7 $2 {[%emt 0:00:02][%mdl 8192] Inhibits c5.} (29... Bxd5 $11 30. cxd5 f5) 30. Bxf7 {[%emt 0:00:16] Weighted Error Value: White=0.26 (precise) /Black=0.32} 1-0

[Event "Romanian Rapid Open 2022"]
[Site "Sebes"]
[Date "2022.12.02"]
[Round "3.18"]
[White "Arandjelovic, Aleksandar Z"]
[Black "Sfarlog, Tudor-Vlad"]
[Result "1-0"]
[ECO "E85"]
[WhiteElo "1899"]
[BlackElo "2283"]
[Annotator "TA"]
[PlyCount "73"]
[EventDate "2022.12.02"]
[EventType "rapid"]
[EventCountry "ROU"]
[SourceTitle "playchess.com"]
[Source "ChessBase"]
[SourceQuality "1"]
[TimeControl "600+5"]

1. d4 g6 2. c4 Bg7 3. Nc3 d6 4. e4 Nd7 5. f3 e5 6. Be3 Ngf6 7. d5 O-O 8. Nge2 Ne8 9. g4 {[%emt 0:00:06] White is more active. E85: King's Indian: Sämisch: 6...e5.} (9. h4 $16) 9... f5 ({Better is} 9... Bh6 $14 10. Bxh6 Qh4+ 11. Kd2 Qxh6+ 12. Kc2 f5) 10. gxf5 gxf5 11. Qd2 {[%emt 0:00:27] [#]} (11. exf5 $16 {Black must now prevent Ng3.} Rxf5 12. Ng3) 11... Qh4+ $146 ({Predecessor:} 11... f4 12. Bf2 Nc5 13. b4 Nd7 14. a3 Bf6 15. Nc1 a5 16. Nb3 axb4 17. axb4 Rxa1+ 18. Nxa1 {½-½ (46) Havelka,O (2160)-Dobrovolsky,L (2238) Ostrava 2021}) 12. Bf2 Qe7 (12... Qf6 $11 {keeps the balance.}) 13. Ng3 $16 Nc5 14. b4 Na6 15. a3 (15. Bh3 {seems wilder.} fxe4 16. Bxc8 e3 17. Bxe3 Rxc8 18. O-O) 15... Qf7 (15... f4 $16) 16. Be2 (16. Nxf5 $18 Bxf5 17. exf5) 16... Kh8 {[%emt 0:00:26] [#]} (16... f4 $14) 17. O-O-O (17. exf5 $1 $18 {is more deadly. Hoping for h4.} Bxf5 18. h4) 17... f4 {[%emt 0:01:12] Against h4} 18. Nf5 Bxf5 19. exf5 Qxf5 20. Bd3 (20. Rdg1 {keeps more tension.} c5 21. dxc6 bxc6 22. Bd3) 20... Qh5 21. Be4 (21. Qe2 $1 $14) 21... Nf6 $15 22. Qd3 Nxe4 ({Black should play} 22... Nb8 $15) 23. Nxe4 $11 Nb8 $1 24. h4 Qf5 (24... Nd7 $15 {stays ahead.}) 25. h5 $16 {[%emt 0:00:38][%mdl 1024] White has strong compensation.} Bh6 26. Rhg1 (26. c5 $16) 26... Nd7 (26... Qxh5 $2 27. Rh1 Qg6 28. Rdg1 $18) 27. Bh4 {[%emt 0:00:11] Against Nf6} (27. c5 $14) 27... a5 (27... Qxh5 28. Rh1 Qf5 29. Be7 $16) (27... b6 $5 ) 28. b5 Nc5 $2 {[%emt 0:01:12][%mdl 8192] [#]} ({Much less strong is} 28... Qxh5 29. Rh1 Qf5 30. Be7 $16) (28... Rf7 $11 {and Black stays safe.}) 29. Nxc5 $18 {[%emt 0:00:12] White is clearly winning.} dxc5 30. Qxf5 Rxf5 31. d6 cxd6 32. Rxd6 Bg7 33. h6 Bf8 34. Bf6+ Rxf6 35. Rxf6 Re8 36. a4 Rd8 37. Kc2 {[%emt 0:00:09] Weighted Error Value: White=0.33/Black=0.70} 1-0

[Event "Romanian Rapid Open 2022"]
[Site "Sebes"]
[Date "2022.12.02"]
[Round "3.19"]
[White "Ceteras, Marius-Nicolae"]
[Black "Coicev, Matei-Andrei"]
[Result "1/2-1/2"]
[ECO "E16"]
[WhiteElo "2391"]
[BlackElo "2009"]
[Annotator "TA"]
[PlyCount "50"]
[EventDate "2022.12.02"]
[EventType "rapid"]
[EventCountry "ROU"]
[SourceTitle "playchess.com"]
[Source "ChessBase"]
[SourceQuality "1"]
[TimeControl "600+5"]

1. d4 Nf6 2. Nf3 e6 3. c4 Bb4+ 4. Bd2 a5 5. g3 b6 6. Bg2 Bb7 7. O-O O-O 8. Nc3 Bxc3 9. Bxc3 Ne4 10. Qc2 Nxc3 11. Qxc3 Qe7 {[%emt 0:00:05] [#] E16: Queen's Indian: 4 g3 Bb7 5 Bg2 Bb4+.} 12. c5 $146 ({Predecessor:} 12. Ne1 Bxg2 13. Nxg2 Qb4 {½-½ (13) Vertetics,A (2261)-Orso,M (2353) Hungary 2007}) 12... Na6 13. Rac1 Nb4 14. Qa3 d6 15. Nd2 ({Better is} 15. Rfd1 $11) 15... Bxg2 $15 16. Kxg2 Qg5 (16... bxc5 {simplifies} 17. dxc5 d5 18. Rfd1 Nc6) 17. Nf3 Qd5 18. cxb6 cxb6 (18... Nxa2 $2 19. e4 (19. Rxc7 Nb4 $16) 19... Qxe4 20. Qxa2 $18) 19. Qb3 Nxa2 20. Qxd5 {[%emt 0:00:05] The position is equal.} exd5 21. Rc6 Rab8 22. Rxd6 Rfd8 23. Rxd8+ Rxd8 24. Ra1 Nb4 25. Rc1 {[%emt 0:00:10] Against Rc8} f6 {[%emt 0:00:05] Inhibits Ne5.   Weighted Error Value: White=0.09 (flawless) /Black=0.05 (flawless)} 1/2-1/2

[Event "Romanian Rapid Open 2022"]
[Site "Sebes"]
[Date "2022.12.02"]
[Round "3.20"]
[White "Lup, Constantin-Ionel"]
[Black "Nastore, Pavel-Alexandru"]
[Result "1-0"]
[ECO "A20"]
[WhiteElo "1739"]
[BlackElo "2218"]
[Annotator "TA"]
[PlyCount "147"]
[EventDate "2022.12.02"]
[EventType "rapid"]
[EventCountry "ROU"]
[SourceTitle "playchess.com"]
[Source "ChessBase"]
[SourceQuality "1"]
[TimeControl "600+5"]

1. c4 e5 2. g3 c6 3. Bg2 d5 4. cxd5 cxd5 5. d4 e4 6. a3 {[%emt 0:00:06] A20: English Opening: 1...e5.} Nf6 7. Nc3 h6 8. f3 {[%emt 0:00:30] [#] The position is equal.} Bf5 $146 ({Predecessor:} 8... exf3 9. Nxf3 Be7 10. O-O O-O 11. Nh4 Be6 12. Nf5 Nc6 13. Qd3 Rc8 14. Be3 Re8 15. Nxe7+ Qxe7 {0-1 (43) Smid,M (2236)-Carlsson,P (2434) Prague 2015}) 9. e3 exf3 10. Nxf3 Nc6 11. O-O Be7 12. Ne5 Be6 13. Nd3 O-O 14. Nf4 Qd7 15. Qf3 Rad8 16. b4 Rfe8 (16... a5 $5 ) 17. Bd2 Bf8 18. Nxe6 Qxe6 19. Rae1 b6 20. Qf5 Qd6 (20... a5 $11 {keeps the balance.}) 21. Nb5 $16 Qd7 22. Nc3 {[%emt 0:00:08] Against Ne4. White is more active.} (22. Qxd7 $16 Rxd7 23. Rc1) 22... Re6 (22... Qd6 $11) 23. Bh3 Qe8 (23... Qb7 $14) 24. Qf3 (24. Qc2 $16) 24... Re7 $14 25. Bg2 Qd7 26. Qf5 Re6 27. Bh3 Qe8 $1 28. Qf3 Re7 29. Bg2 (29. Qd1 $16) 29... Re6 30. Bh3 Red6 (30... Re7 $11) 31. Nb5 $16 Ne4 32. Nxd6 Rxd6 33. Re2 (33. Qe2 $142) 33... Rf6 {[%emt 0:00:02] Prevents b5.} 34. Qg2 (34. Qg4 {keeps more tension.} Rxf1+ 35. Kxf1 Nxd2+ 36. Rxd2 Qxe3 37. Qf4) 34... Rxf1+ 35. Qxf1 Nxd2 {[%emt 0:00:03][%mdl 64] Remove Defender} 36. Rxd2 {[%emt 0:00:02] And now Qf3 would win.} Qxe3+ 37. Qf2 (37. Rf2 $5 ) 37... Qxa3 38. Bd7 (38. b5 Nxd4 $1 39. Kg2 (39. Qxd4 $2 Bc5 $19) 39... Nxb5 40. Rxd5 Nd6 $17) 38... Nd8 39. b5 Qd6 40. Bg4 Ne6 (40... g6 $14) 41. Bxe6 (41. Ra2 $16) 41... fxe6 $2 {[%mdl 4096] Endgame KQR-KQB} (41... Qxe6 $11 42. Rc2 Qd7) 42. Ra2 Qd7 43. Qe2 {[%emt 0:00:02][%mdl 1024] White has strong compensation.} Be7 44. Rc2 Bf6 45. Rd2 Qd6 {[%emt 0:00:03] [#]} 46. Kg2 $1 Kf7 47. Qh5+ ({White should play} 47. Ra2 Qd7 48. Qd3) 47... Ke7 48. Qe2 (48. Ra2 $16 Qc7 49. Qg4) 48... Qb4 ({Black should try} 48... Kf7 $1 $11) 49. Qd3 (49. Rc2 $1 $14 Qxd4 50. Rc7+ Kd8 51. Rxa7) 49... Kd6 50. Rd1 (50. Qe3 {looks sharper.} h5 51. Qf4+ Kd7 52. Ra2) 50... Bg5 {[%emt 0:00:07] Prevents Rd2.} (50... Qb2+ $11 {remains equal.} 51. Rd2 Qa1) 51. Rf1 (51. Qe2 $16) 51... Qd2+ ({Better is} 51... Bf6 $11) 52. Qxd2 $14 Bxd2 {[%emt 0:00:02] KR-KB} 53. Rf7 Bc3 54. Rxg7 (54. Rxa7 Bxd4 55. Rb7 Kc5 $17) 54... Bxd4 55. Rxa7 {[%emt 0:00:02] Strongly threatening Rh7.} Kc5 56. Re7 (56. g4 $16) 56... e5 $11 57. Re6 Kxb5 {[%emt 0:00:06] aiming for ...Kc4.} 58. Rxh6 {Threatens to win with g4.} Kc4 {...b5 is the strong threat.} 59. g4 b5 {[%emt 0:00:01] White must now prevent ...b4.} 60. g5 {[%emt 0:00:03] White threatens g6 and mate.} Be3 $2 {[%emt 0:00:03][%mdl 8192] Against g6} (60... e4 $11 61. Rh7 b4) 61. Rh5 {[%emt 0:00:09] Intending g6 and mate.} e4 62. g6 {[%emt 0:00:01] White mates.} Bd4 63. Rh7 b4 64. g7 Bxg7 65. Rxg7 {[%emt 0:00:01] KR-K3P} b3 66. h4 d4 67. h5 d3 68. h6 d2 69. Rc7+ (69. h7 d1=Q 70. h8=Q (70. h8=R $2 Qc2+ 71. Kh1 b2 $19) (70. Rc7+ $2 Kb5 $19) 70... Qe2+ 71. Kh3 Qf1+ 72. Kh2 Qf4+ 73. Rg3 Qf2+ 74. Rg2 Qf4+ 75. Kh1 Qf1+ 76. Rg1 Qf3+ 77. Kh2 Qf2+ 78. Rg2 Qf4+ 79. Kh3 Qf3+ 80. Kh2 Qf4+ $11) 69... Kb4 70. Rb7+ (70. h7 d1=Q 71. Rb7+ (71. h8=R Qf3+ 72. Kh2 Qf4+ 73. Kg2 Qxc7 74. Rh4 Qc2+ 75. Kh3 b2 76. Rh6 Qf2 77. Rh8 Qf4 78. Rh7 Qf5+ 79. Kh4 Qxh7+ 80. Kg5 b1=Q 81. Kf6 e3 82. Ke6 Qbf5+ 83. Kd6 Qhd7#) 71... Ka3 72. Ra7+ (72. h8=R Qd2+ 73. Kf1 e3 74. Ra7+ Kb2 75. Kg1 e2 76. Re7 e1=Q+ 77. Rxe1 Qxe1+ 78. Kg2 Qe4+ 79. Kf1 Qc4+ 80. Kg2 Qd5+ 81. Kf1 Qf7+ 82. Ke1 Qe7+ 83. Kd2 Qd6+ 84. Ke1 Qe5+ 85. Kf2 Qxh8 86. Kg3 Qd4 87. Kg2 Qg4+ 88. Kf2 Kc2 89. Ke1 b2 90. Kf1 b1=Q+ 91. Kf2 Qbg1#) (72. h8=Q Qf3+ 73. Kh2 Qf2+ 74. Kh3 Qf5+ 75. Kh4 Qf4+ 76. Kh3 Qf5+ 77. Kh4 Qf4+ 78. Kh3 Qf5+ $11) 72... Kb4 73. Rb7+ (73. h8=R Qf3+ 74. Kg1 Qe3+ 75. Kh2 Qf2+ 76. Kh1 Qxa7 77. Rh4 Qa1+ 78. Kg2 Qb2+ 79. Kh1 Qc1+ 80. Kh2 Qc2+ 81. Kh3 b2 82. Rh6 Qf2 83. Rh8 Qf4 84. Rh7 Qf5+ 85. Kg3 Qxh7 86. Kf4 b1=Q 87. Kg3 Qf1 88. Kg4 Qff5+ 89. Kg3 Qhh3#) 73... Ka3 $11) 70... Ka3 71. Ra7+ Kb4 72. Rd7 b2 73. h7 $1 (73. Rxd2 $2 {perishes.} b1=Q 74. h7 Qa1 $19) ({Stronger than} 73. Kf2 Kc4 74. h7 (74. Rc7+ $2 Kd5 $19) 74... b1=Q $11) 73... b1=Q 74. Rb7+ {[%emt 0:00:01][%mdl 64] Skewer.   Weighted Error Value: White=0.32/Black=0.26 (precise)} (74. h8=R d1=Q 75. Rb8+ Kc5 76. Rc8+ Kb6 77. Rb8+ Kc6 78. Rxb1 Qc2+ 79. Kg3 Qxb1 80. Rh7 e3 81. Rh6+ Kd7 82. Kf3 Qd1+ 83. Kxe3 Qc1+ 84. Ke4 Qxh6 85. Kd3 Qf4 86. Kc3 Kc6 87. Kd3 Kc5 88. Kc3 Qe3+ 89. Kc2 Kc4 90. Kd1 Qf2 91. Kc1 Kc3 92. Kd1 Qf1#) 1-0

[Event "Romanian Rapid Open 2022"]
[Site "Sebes"]
[Date "2022.12.02"]
[Round "3.21"]
[White "Vrencian, Lehel"]
[Black "Vajda, Mihaly"]
[Result "1-0"]
[ECO "C41"]
[WhiteElo "2226"]
[BlackElo "1769"]
[Annotator "TA"]
[PlyCount "53"]
[EventDate "2022.12.02"]
[EventType "rapid"]
[EventCountry "ROU"]
[SourceTitle "playchess.com"]
[Source "ChessBase"]
[SourceQuality "1"]
[TimeControl "600+5"]

1. e4 d6 2. d4 Nf6 3. Nc3 e5 4. Nf3 Nbd7 5. Rg1 exd4 6. Nxd4 {[%emt 0:00:01] C41: Philidor Defence.} g6 7. g4 Nc5 8. Qe2 {[%emt 0:00:04] White is slightly better.} Bg7 9. g5 {[%emt 0:00:19] [#]} Ng4 $146 ({Predecessor:} 9... Nh5 10. Be3 O-O 11. O-O-O Ne6 12. Qd2 Nxd4 13. Bxd4 Be6 14. Bxg7 Nxg7 15. f4 f5 16. gxf6 Qxf6 {½-½ (61) Roehr,O (2072)-Strache,M (2302) Berlin 2022}) 10. Nb3 (10. e5 $5 Nxh2 11. Bf4 (11. exd6+ Ne6 $14) 11... Nxf1 12. exd6+ Ne6 13. Nxe6 Bxe6 14. O-O-O (14. Kxf1 Bxc3 15. bxc3 cxd6 $17) (14. dxc7 Qd4 $11) 14... cxd6 15. Bxd6 $14) 10... Nxh2 (10... Nxb3 {simplifies} 11. axb3 Nxh2 12. Bg2 c6) 11. Bg2 {[%emt 0:00:01] Threatens to win with Nxc5.} Ng4 12. Nxc5 ({Better is} 12. Bd2 $14) 12... dxc5 $11 13. f3 Bd4 14. Rf1 {[%emt 0:00:11][%mdl 1024] Prevents Bf2+. White has compensation.} (14. Rh1 $5 Bxc3+ 15. bxc3 $14) 14... Ne5 {[%emt 0:00:49] [#]} (14... Bxc3+ $1 $11 15. bxc3 Ne5) 15. Nd5 $1 $16 {[%emt 0:00:11] Strongly threatening c3.} Nc6 (15... c6 $16) 16. c3 $18 Bg7 17. Bf4 Be5 (17... O-O {was necessary.} 18. O-O-O (18. Nxc7 Ne5 $16) 18... Be6 19. Nxc7 Qe7) 18. Bxe5 Nxe5 19. O-O-O {[%emt 0:00:11] Nf6+ is the strong threat.} Bd7 $2 (19... Qxg5+ 20. f4 Qd8 21. fxe5 Qg5+ 22. Kb1 O-O 23. Nxc7 Rb8) 20. Nf6+ Ke7 21. Rd5 c6 22. Rxe5+ Be6 23. Rd1 Qa5 24. Rd7+ Kf8 {[%emt 0:00:01] [#]} 25. Rxe6 {[%emt 0:00:01] White mates.} fxe6 (25... Qxa2 26. Ree7) 26. Qd2 ({Weaker is} 26. Rxh7 Rxh7 27. Nxh7+ Ke7 $18) 26... c4 27. Qd6# {[%emt 0:00:03] Weighted Error Value: White=0.08 (flawless) /Black=0.71} 1-0

[Event "Romanian Rapid Open 2022"]
[Site "Sebes"]
[Date "2022.12.02"]
[Round "3.22"]
[White "Dragomirescu, Calin"]
[Black "Sandru, Nicolae"]
[Result "1-0"]
[ECO "E09"]
[WhiteElo "1971"]
[BlackElo "1647"]
[Annotator "TA"]
[PlyCount "81"]
[EventDate "2022.12.02"]
[EventType "rapid"]
[EventCountry "ROU"]
[SourceTitle "playchess.com"]
[Source "ChessBase"]
[SourceQuality "1"]
[TimeControl "600+5"]

1. d4 d5 2. c4 e6 3. Nf3 Nf6 4. g3 Be7 5. Bg2 O-O 6. O-O c6 7. Qc2 Nbd7 8. Nbd2 Re8 9. e4 Nxe4 10. Nxe4 dxe4 11. Qxe4 Nf6 12. Qc2 Bd6 {[%emt 0:00:15] E09: Closed Catalan: Main Line: 7 Qc2 c6 8 Nbd2.} 13. Rd1 {[%emt 0:00:23] [#]} Bf8 $146 ({Predecessor:} 13... h6 14. h3 Qe7 15. c5 Bc7 16. Re1 Rd8 17. a4 Bd7 18. Ra3 Be8 19. a5 Nd5 {1-0 (56) Cederstam Barsk,C (2368)-Larsson,A (2203) Sweden 2022}) 14. Bf4 g6 {[%emt 0:00:02] White is better.} 15. h4 Bg7 16. Be5 Nh5 17. Bxg7 Nxg7 18. c5 Nf5 19. Qc3 Qf6 20. Ne5 Qg7 21. Nxc6 {[%emt 0:00:23] White is much more active. The black rooks are badly placed.} bxc6 $14 22. Bxc6 Ba6 $1 23. Bxa8 Rxa8 24. b4 Ne7 {[%emt 0:00:10][%mdl 1024] Black has compensation.} (24... Rc8 {is more complex.} 25. c6 Bb5 26. Qc5 Be2) 25. a4 {[%emt 0:00:00] b5 is the strong threat.} (25. c6 {seems wilder.} Qf6 26. a4 Be2 27. Re1) 25... Bb7 $1 26. b5 {[%emt 0:00:00] [#] Threatens to win with c6.} Bd5 ({But not} 26... Nd5 27. Qa3 $16) 27. c6 Qf6 (27... g5 $15 28. h5 Qf6) 28. Qd3 Nf5 (28... g5 $5 ) 29. Rac1 Nd6 30. Re1 Rc8 (30... Qf5 $11 {remains equal.} 31. Qxf5 Nxf5) 31. Re5 Nf5 32. Rce1 (32. Rc5 $16) 32... Nd6 (32... Qd8 $11) 33. Rc1 Nf5 $1 34. a5 Qd8 35. Qc3 Qc7 36. Qb4 {[%emt 0:00:00] Black must now prevent b6. Really sharp!} f6 $2 {[%emt 0:00:11][%mdl 8192] Black cannot hold the game after this.} (36... Ne7 $14) 37. b6 Qb8 {[%emt 0:00:11] [#]} 38. Rxd5 $1 exd5 (38... axb6 39. Rxf5) 39. Qc5 Nxg3 40. Qxd5+ Kh8 41. c7 {[%emt 0:00:00] Weighted Error Value: White=0.18 (very precise) /Black=0.31} (41. fxg3 $2 {perishes.} Qxg3+ 42. Kh1 Qh3+ 43. Kg1 Qe3+ 44. Kg2 Qd2+ 45. Kh3 Qxc1 $19) 1-0